 Dungeon Crawl Stone Soup version 0.29.0-4-gdea44cf6ec (webtiles) character file.

Game seed: 16476929520997654661

2805 qw the Cleaver (level 9, 0/118 HPs)
             Began as a Minotaur Berserker on Sept 4, 2022.
             Was a Priest of Trog.
             Succumbed to Amaemon's poison
             ... on level 8 of the Dungeon.
             The game lasted 00:02:12 (7710 turns).

qw the Cleaver (Minotaur Berserker)                 Turns: 7710, Time: 00:02:13

Health: 0/118      AC: 13    Str: 27    XL:     9   Next: 44%
Magic:  8/8        EV:  9    Int:  4    God:    Trog [***...]
Gold:   251        SH:  0    Dex:  9    Spells: 8/8 levels left

rFire   . . .      SeeInvis .   Y - +0 war axe (vorpal)
rCold   . . .      Faith    .   (no shield)
rNeg    . . .      Spirit   .   q - +0 chain mail
rPois   .          Reflect  .   (helmet restricted)
rElec   .          Harm     .   a - +0 cloak
rCorr   +          Rampage  .   j - +0 pair of gloves
Will    .....                   g - +0 pair of boots
Stlth   ..........              k - amulet of the acrobat
HPRegen 0.29/turn               h - ring of resist corrosion
MPRegen 0.11/turn               (no ring)

@: berserking (expiring), lethally poisoned (0 -> -15), slowed
A: horns 2, retaliatory headbutt
a: Renounce Religion, Berserk, Trog's Hand


You were on level 8 of the Dungeon.
You worshipped Trog.
Trog was most pleased with you.
You visited 1 branch of the dungeon, and saw 8 of its levels.

You collected 309 gold pieces.
You spent 58 gold pieces at shops.


Innate Abilities, Weirdness & Mutations

You have a pair of horns on your head.
You reflexively headbutt those who attack you in melee.


   Skills:
 - Level 7.0 Fighting
 - Level 13.5 Axes
 - Level 1.6 Throwing
 + Level 5.7 Armour
 - Level 2.1 Dodging


You had 8 spell levels left.
You didn't know any spells.
Your spell library was empty.

Inventory:

Hand Weapons
 t - a +5 morningstar
 Y - a +0 vorpal war axe (weapon)
Missiles
 n - 2 boomerangs (quivered)
Armour
 a - a +0 cloak (worn)
 g - a +0 pair of boots (worn)
 j - a +0 pair of gloves (worn)
 q - a +0 chain mail (worn)
Jewellery
 b - a ring of ice
 h - a ring of resist corrosion (left hand)
 k - an amulet of the acrobat (around neck)
Scrolls
 d - a scroll of identify
 e - 3 scrolls of teleportation
Potions
 c - a potion of mutation
 m - a potion of might {unknown}
 r - a potion of curing

Dungeon Overview and Level Annotations

Branches:
Dungeon (8/15)             Temple (0/1) D:4
   Lair: D:8-11

Altars:
Cheibriados
Dithmenos
Elyvilon
Fedhas
Hepliaklqana
Kikubaaqudgha
Makhleb
Nemelex Xobeh
Trog
Uskayaw
Wu Jian
Yredelemnul

Shops:
D:3 *   D:6 :


Message History

Amaemon is heavily wounded.
You slash the orc!
You kill the orc!
Trog accepts your kill.
You feel very sick.
An orc comes into view. It is wielding a +0 trident.
Amaemon hits you with a -2 demon whip of venom.
You are more poisoned.
Amaemon claws you. Amaemon misses you.
You closely miss Amaemon.
Amaemon is heavily wounded.
You feel very sick.
Amaemon hits you with a -2 demon whip of venom!
Amaemon claws you. Amaemon misses you.
You slash Amaemon! You headbutt Amaemon.
Amaemon is severely wounded.
You feel very sick. Amaemon closely misses you. You furiously retaliate!
You headbutt Amaemon!! Amaemon claws you but does no damage.
Amaemon tail-slaps you.
You are lethally poisoned!
Amaemon poisons you!
You closely miss Amaemon.
Amaemon is almost dead.
You feel extremely sick. Amaemon barely misses you. x3
You closely miss Amaemon.
Amaemon is almost dead.
You feel very sick. Amaemon barely misses you.
Amaemon claws you but does no damage.
Amaemon tail-slaps you but does no damage.
You slice Amaemon!!
You kill Amaemon!
Trog accepts your kill.
Trog appreciates your killing of a magic user.
You feel very sick.
Your Axes skill increases to level 13!
You barely miss the orc.
You feel very sick.
You barely miss the orc.
You die...

......
)...###
......
##...#
##....#
#>.<..#
#..o..#
#..o..#
##.@.##
##.)......
#........
#.#######
... #.#
#.# ..#


You could see 2 orcs.

Vanquished Creatures
  Amaemon (D:8)
  An orange demon (D:8)
  Grinder (D:5)
  A wyvern (D:7)
  3 black bears
  An ogre (D:5)
  A centaur (D:7)
  A necrophage (D:4)
  A bullfrog (D:7)
  3 scorpions
  3 wights (D:7)
  A howler monkey (D:5)
  A quasit (D:4)
  7 orc priests
  2 hounds
  2 iguanas
  3 orc wizards
  A mummy (D:4)
  Robin (D:4)
  4 gnolls (D:5)
  6 adders
  2 shadow imps
  3 white imps
  4 ufetubi
  A worm (D:4)
  A dart slug (D:2)
  33 orcs
  6 ball pythons
  6 endoplasms
  2 giant cockroaches (D:1)
  10 goblins
  5 hobgoblins
  6 jackals (D:1)
  7 kobolds
  3 quokkas
  5 bats
  4 frilled lizards
  6 rats
149 creatures vanquished.

Vanquished Creatures (others)
  A butterfly (D:4)
  A demonic plant (D:4)
  A fungus (D:2)
  3 plants
6 creatures vanquished.

Grand Total: 155 creatures vanquished

Notes
Turn   | Place    | Note
-------+----------+-------------------------------------------
     0 | D:1      | qw the Minotaur Berserker began the quest for the Orb.
     0 | D:1      | Reached XP level 1. HP: 19/19 MP: 0/0
     0 | D:1      | 0 ||| qw: Version: 0.1-a-103-gd6f5d3a
     0 | D:1      | 0 ||| qw: Game counter: 5517
     0 | D:1      | 0 ||| qw: Always use a shield: true
     0 | D:1      | 0 ||| qw: Do Orc after D:15 true
     0 | D:1      | 0 ||| qw: Do second Lair branch before Depths: true
     0 | D:1      | 0 ||| qw: Lair rune preference: random
     0 | D:1      | 0 ||| qw: Plans: Normal
     0 | D:1      | 0 ||| PLANNING D:1-11
    66 | D:1      | 66 ||| Stepping ~*~*~tactically~*~*~ (stealth).
    78 | D:1      | Reached skill level 4 in Axes
    80 | D:1      | 80 ||| Stepping ~*~*~tactically~*~*~ (stealth).
    84 | D:1      | 84 ||| INVOKING Berserk.
    85 | D:1      | 85 ||| INVOKING Berserk.
    85 | D:1      | HP: 6/28 [jackal (3)]
    87 | D:1      | Reached XP level 2. HP: 7/26 MP: 1/1
   532 | D:1      | 532 ||| DROPPING +0 club.
   643 | D:1      | Reached skill level 5 in Axes
   743 | D:1      | Reached ** piety under Trog
   744 | D:1      | Reached XP level 3. HP: 30/31 MP: 2/2
   868 | D:1      | 868 ||| UPGRADING to +0 leather armour.
   878 | D:1      | 878 ||| DROPPING +0 animal skin.
   879 | D:1      | 879 ||| UPGRADING to +0 pair of boots.
  1231 | D:2      | 1231 ||| Stepping ~*~*~tactically~*~*~ (stealth).
  1242 | D:2      | Found a faded altar of an unknown god.
  1293 | D:2      | 1293 ||| Stepping ~*~*~tactically~*~*~ (hiding).
  1795 | D:2      | 1795 ||| UPGRADING to +0 ring mail.
  1805 | D:2      | 1805 ||| DROPPING +0 leather armour.
  1806 | D:2      | 1806 ||| UPGRADING to +0 pair of gloves.
  1811 | D:2      | 1811 ||| UPGRADING to ring of resist corrosion.
  1812 | D:2      | 1812 ||| READING scroll labelled RIUGAU VIEPPIUGIET.
  1813 | D:2      | 1813 ||| READING scroll labelled HESIATIYLU.
  1814 | D:2      | 1814 ||| READING scroll labelled ARO BURO TOI.
  1815 | D:2      | 1815 ||| READING scroll labelled SAEKEF POAR.
  1816 | D:2      | 1816 ||| READING scroll labelled TUCOSCHILUL.
  1817 | D:2      | 1817 ||| READING scroll labelled KOTSIT FUUCU.
  1840 | D:3      | 1840 ||| STAIRDANCE
  1922 | D:3      | Found Geokko's General Store.
  1933 | D:3      | 1933 ||| BUYING +0 cloak (58 gold).
  1933 | D:3      | Bought a +0 cloak for 58 gold pieces
  1933 | D:3      | 1933 ||| SHOPLISTING 2 potions of curing (78 gold, have
                  | 38).
  1933 | D:3      | 1933 ||| SHOPLISTING potion of heal wounds (65 gold, have
                  | 38).
  2023 | D:3      | 2023 ||| Stepping ~*~*~tactically~*~*~ (stealth).
  2030 | D:3      | Reached skill level 6 in Axes
  2030 | D:3      | Reached XP level 4. HP: 39/39 MP: 3/3
  2030 | D:3      | 2030 ||| Stepping ~*~*~tactically~*~*~ (stealth).
  2032 | D:3      | 2032 ||| Stepping ~*~*~tactically~*~*~ (hiding).
  2033 | D:3      | 2033 ||| Stepping ~*~*~tactically~*~*~ (hiding).
  2038 | D:3      | 2038 ||| INVOKING Berserk.
  2154 | D:3      | Found a hide-covered altar of Uskayaw.
  2390 | D:3      | Reached XP level 5. HP: 45/45 MP: 4/4
  2494 | D:3      | Reached skill level 7 in Axes
  2632 | D:3      | You fall into a shaft and drop 3 floors!
  2634 | D:6      | Noticed a black bear
  2639 | D:6      | 2639 ||| INVOKING Berserk.
  2644 | D:6      | Killed a black bear
  2783 | D:6      | 2783 ||| Stepping ~*~*~tactically~*~*~ (hiding).
  2784 | D:6      | 2784 ||| Stepping ~*~*~tactically~*~*~ (stealth).
  2785 | D:6      | 2785 ||| Stepping ~*~*~tactically~*~*~ (stealth).
  2786 | D:6      | 2786 ||| Stepping ~*~*~tactically~*~*~ (stealth).
  2801 | D:6      | 2801 ||| UPGRADING to +0 cloak.
  2806 | D:6      | 2806 ||| READING scroll labelled HUAVOI NEATWEU.
  2807 | D:6      | 2807 ||| READING scroll labelled ZIRGHAQ VATWO.
  2816 | D:5      | Entered Level 5 of the Dungeon
  2828 | D:5      | Reached XP level 6. HP: 56/56 MP: 5/5
  2831 | D:5      | Found a blossoming altar of Fedhas.
  2839 | D:5      | Noticed Grinder
  2842 | D:5      | 2842 ||| INVOKING Trog's Hand.
  2843 | D:5      | 2843 ||| INVOKING Berserk.
  2852 | D:5      | Killed Grinder
  2853 | D:5      | Reached skill level 8 in Axes
  2950 | D:5      | Reached XP level 7. HP: 61/61 MP: 6/6
  2989 | D:5      | 2989 ||| INVOKING Berserk.
  2994 | D:5      | Reached skill level 9 in Axes
  3155 | D:5      | 3155 ||| INVOKING Berserk.
  3325 | D:5      | 3325 ||| READING scroll labelled ZYEBOUSYUN.
  3333 | D:4      | Noticed Robin
  3334 | D:4      | 3334 ||| INVOKING Berserk.
  3338 | D:4      | Killed Robin
  3480 | D:4      | 3480 ||| DRINKING 2 fuming silvery potions.
  3481 | D:4      | 3481 ||| DROPPING potion of degeneration.
  3677 | D:4      | Found a shadowy altar of Dithmenos.
  3678 | D:4      | Found a hazy altar of Hepliaklqana.
  3683 | D:4      | 3683 ||| INVOKING Berserk.
  3686 | D:4      | Reached skill level 10 in Axes
  3686 | D:4      | Found a sparkling altar of Nemelex Xobeh.
  3793 | D:4      | Found an ornate altar of the Wu Jian Council.
  3793 | D:4      | Found a bloodstained altar of Trog.
  3794 | D:4      | Found an ancient bone altar of Kikubaaqudgha.
  3817 | D:4      | Found a burning altar of Makhleb.
  3934 | D:4      | Found a basalt altar of Yredelemnul.
  3946 | D:4      | Reached skill level 1 in Throwing
  3989 | D:4      | 3989 ||| Stepping ~*~*~tactically~*~*~ (stealth).
  3992 | D:4      | 3992 ||| Stepping ~*~*~tactically~*~*~ (stealth).
  3995 | D:4      | 3995 ||| Stepping ~*~*~tactically~*~*~ (stealth).
  3998 | D:4      | 3998 ||| Stepping ~*~*~tactically~*~*~ (stealth).
  3999 | D:4      | 3999 ||| Stepping ~*~*~tactically~*~*~ (stealth).
  4000 | D:4      | 4000 ||| Stepping ~*~*~tactically~*~*~ (stealth).
  4001 | D:4      | 4001 ||| Stepping ~*~*~tactically~*~*~ (stealth).
  4002 | D:4      | 4002 ||| Stepping ~*~*~tactically~*~*~ (stealth).
  4071 | D:4      | Found a staircase to the Ecumenical Temple.
  4241 | D:4      | Found a snail-covered altar of Cheibriados.
  4332 | D:4      | Found a white marble altar of Elyvilon.
  4346 | D:4      | Reached *** piety under Trog
  4347 | D:4      | Reached skill level 3 in Armour
  4362 | D:4      | 4362 ||| INVOKING Berserk.
  4488 | D:4      | 4488 ||| DROPPING +0 whip.
  4562 | D:4      | 4562 ||| UPGRADING to +0 scale mail.
  4572 | D:4      | 4572 ||| DROPPING +0 ring mail.
  4573 | D:4      | 4573 ||| READING scroll labelled NEUNEP RYDGHEFI.
  4574 | D:4      | 4574 ||| Stepping randomly (stuck).
  4575 | D:4      | 4575 ||| Stepping ~*~*~tactically~*~*~ (cloud).
  4914 | D:5      | 4914 ||| Stepping ~*~*~tactically~*~*~ (stealth).
  4921 | D:5      | Reached XP level 8. HP: 65/70 MP: 7/7
  4989 | D:5      | Reached skill level 6 in Fighting
  5172 | D:5      | 5172 ||| READING scroll labelled HAEW BAVETWIC.
  5197 | D:6      | Found Uguason's Book Shoppe.
  5217 | D:6      | 5217 ||| Stepping ~*~*~tactically~*~*~ (stealth).
  5219 | D:6      | 5219 ||| Stepping ~*~*~tactically~*~*~ (hiding).
  5639 | D:6      | Reached skill level 11 in Axes
  5789 | D:6      | 5789 ||| INVOKING Berserk.
  6193 | D:6      | 6193 ||| DROPPING amulet of faith.
  6194 | D:6      | 6194 ||| READING 3 scrolls labelled ZIENOI EGINUR.
  6199 | D:6      | 6199 ||| READING scroll labelled AREUZ JITS.
  6360 | D:6      | 6360 ||| DRINKING 2 fizzy pink potions.
  6465 | D:6      | 6465 ||| READING 2 scrolls of identify.
  6465 | D:6      | 6465 ||| IDENTIFYING lumpy ruby potion
  6466 | D:6      | 6466 ||| DROPPING potion of berserk rage.
  6490 | D:7      | 6490 ||| Stepping ~*~*~tactically~*~*~ (hiding).
  6494 | D:7      | 6494 ||| INVOKING Berserk.
  6619 | D:7      | 6619 ||| Stepping ~*~*~tactically~*~*~ (stealth).
  6633 | D:7      | 6633 ||| INVOKING Berserk.
  6793 | D:7      | 6793 ||| FLEEEEING.
  6798 | D:7      | 6798 ||| FLEEEEING.
  6803 | D:7      | 6803 ||| FLEEEEING.
  6804 | D:7      | 6804 ||| FLEEEEING.
  6805 | D:7      | 6805 ||| FLEEEEING.
  6817 | D:7      | 6817 ||| Stepping ~*~*~tactically~*~*~ (hiding).
  6820 | D:7      | 6820 ||| INVOKING Berserk.
  6983 | D:7      | Reached skill level 12 in Axes
  7102 | D:7      | 7102 ||| SWAPPING to +0 war axe.
  7103 | D:7      | 7103 ||| DROPPING +1 hand axe.
  7483 | D:7      | 7483 ||| DROPPING +0 flail.
  7588 | D:7      | Reached XP level 9. HP: 77/78 MP: 8/8
  7655 | D:7      | 7655 ||| UPGRADING to +0 chain mail.
  7665 | D:7      | 7665 ||| DROPPING +0 scale mail.
  7666 | D:7      | 7666 ||| UPGRADING to amulet of the acrobat.
  7671 | D:7      | 7671 ||| READING scroll labelled GYRCHI MYEBLE.
  7672 | D:7      | 7672 ||| DRINKING 2 black potions.
  7673 | D:7      | 7673 ||| READING 4 scrolls of identify.
  7673 | D:7      | 7673 ||| IDENTIFYING fizzy ruby potion
  7674 | D:7      | 7674 ||| READING 3 scrolls of identify.
  7674 | D:7      | 7674 ||| IDENTIFYING cyan potion
  7675 | D:7      | 7675 ||| READING 2 scrolls of identify.
  7675 | D:7      | 7675 ||| IDENTIFYING murky clear potion
  7676 | D:7      | 7676 ||| DROPPING potion of attraction.
  7677 | D:7      | 7677 ||| DROPPING potion of flight.
  7678 | D:7      | 7678 ||| DROPPING potion of magic.
  7691 | D:8      | Noticed Amaemon
  7691 | D:8      | Noticed an orange demon
  7695 | D:8      | 7695 ||| INVOKING Berserk.
  7698 | D:8      | Killed an orange demon
  7704 | D:8      | HP: 29/118 [Amaemon/-2 demon whip of venom (1)]
  7707 | D:8      | HP: 11/118 [poisoned by Amaemon]
  7708 | D:8      | Killed Amaemon
  7709 | D:8      | Reached skill level 13 in Axes
  7709 | D:8      | HP: 3/118 [poisoned by Amaemon]
  7710 | D:8      | Succumbed to Amaemon's poison

Levels and vault maps discovered:
D:1:      mrwooster_arrival_arrow, layout_rooms
D:2:      layout_loops_ring, shapermc_ecumenical_altar_rom_forum,
          item_on_display_a
D:3:      layout_basic, nicolae_uskayaw_murder_on_the_dancefloor, serial_shops,
          nicolae_square_shop
D:4:      layout_loops_ring, slow_altar_2, bloody_makhleb,
          mainiacjoe_overflow_concentric_impassable, grunt_temple_overflow_open,
          nicolae_elyvilon_peaceful_grove, minmay_temple_entry_purple_smoke,
          serial_demonic, serial_demonic_b, serial_demonic_c, serial_demonic_a,
          serial_demonic_b, uniq_robin
D:5:      layout_gridville, fedhas_ov_isle_minmay, minivault_27,
          grunt_ministairs_12, uniq_grinder
D:6:      layout_basic, serial_shops, shop, chequers_serial_rivers_micro_b
D:7:      layout_loops_ring
D:8:      layout_loops_ring, lemuel_coloured_pillars_altar, enter_bailey_3,
          uniq_amaemon

Skill      XL: |  1  2  3  4  5  6  7  8  9 |
---------------+----------------------------+-----
Axes           | 4 5 6 7 8 10 12 13 | 13.5
Fighting       | 5 7 |  7.0
Throwing       | 1 |  1.6
Armour         | 3 4 5 |  5.7
Dodging        | |  2.1

Action                   |  1- 3 |  4- 6 |  7- 9 || total
-------------------------+-------+-------+-------++-------
Melee: Hand axe          |    84 |    53 |   175 ||   312
       Headbutt          |    11 |     8 |    38 ||    57
       Punch             |       |     1 |     2 ||     3
       War axe           |       |       |    38 ||    38
Throw: Boomerang         |       |     8 |    46 ||    54
Invok: Berserk           |     1 |     3 |    10 ||    14
       Trog's Hand       |       |     1 |       ||     1
  Use: Scroll            |     6 |     2 |    10 ||    18
       Potion            |       |       |     3 ||     3
Armor: Animal skin       |     9 |       |       ||     9
       Ring mail         |     5 |     8 |    49 ||    62
       Leather armour    |     4 |       |       ||     4
       Scale mail        |       |       |    30 ||    30
       Chain mail        |       |       |    11 ||    11
Dodge: Dodged            |    55 |    18 |   103 ||   176

Table legend:
 A = Non-vault XP
 B = Vault XP
 C = Vault XP percentage of total XP
 D = Non-vault monster count
 E = Vault monster count
 F = Vault count percentage of total count
                 A         B        C        D         E       F
            +---------+---------+-------+---------+---------+-------
      Total |    2383 |    1625 |  40.5 |     127 |      22 |  14.8
            +---------+---------+-------+---------+---------+-------
        D:1 |      43 |       0 |   0.0 |      26 |       0 |   0.0
        D:2 |      42 |       0 |   0.0 |      10 |       0 |   0.0
        D:3 |     119 |       0 |   0.0 |      19 |       0 |   0.0
        D:4 |     341 |     133 |  28.1 |      15 |      17 |  53.1
        D:5 |     456 |     324 |  41.5 |      14 |       3 |  17.6
        D:6 |     485 |       0 |   0.0 |      13 |       0 |   0.0
        D:7 |     891 |       0 |   0.0 |      28 |       0 |   0.0
        D:8 |       6 |    1168 |  99.5 |       2 |       2 |  50.0
            +---------+---------+-------+---------+---------+-------
